 Dungeon Crawl Stone Soup version 0.17-a0-1997-ga88ed7d (webtiles) character file.

1477 Ordine the Fighter (level 8, 0/61 HPs)
             Began as an Octopode Fighter on Oct 8, 2015.
             Slain by an ogre
             ... wielding a +0 giant club
              (20 damage)
             ... on level 6 of the Dungeon.
             The game lasted 00:17:31 (6145 turns).

Ordine the Fighter (Octopode Fighter)               Turns: 6145, Time: 00:17:31

Health: 0/61       AC:  1    Str: 15    XL:     8   Next: 79%
Magic:  8/8        EV: 10    Int: 11    God:
Gold:   318        SH:  8    Dex: 13    Spells: 0 memorised, 7 levels left

rFire  . . .     SeeInvis .     a - +0 long sword
rCold  . . .     Clarity  .     b - +0 shield
rNeg   . . .     SustAt   .     (helmet restricted)
rPois  .         Gourm    .     (no amulet)
rElec  .         Spirit   .     z - ring of flight
rCorr  .         Warding  .     (no ring)
rMut   .         Stasis   .     (no ring)
MR     .....                    (no ring)
Stlth  ++........               (no ring)
                                (no ring)
                                (no ring)
                                (no ring)

@: not resistant to hostile enchantments, unstealthy
A: almost no armour, amphibious, 8 rings, constrict 8, camouflage 1, gelatinous
body 1
a: Evoke Flight


You were on level 6 of the Dungeon.
You were near starving.

You visited 1 branch of the dungeon, and saw 6 of its levels.

You collected 318 gold pieces.

Inventory:

Hand Weapons
 a - a +0 long sword (weapon)
 p - a +0 blowgun
 v - a +1 dagger of protection
Missiles
 c - 5 tomahawks (quivered)
 e - 109 stones
 k - 49 poisoned needles
 x - 4 poisoned javelins
Armour
 b - a +0 shield (worn)
Jewellery
 z - a ring of flight (left tentacle)
Wands
 g - a wand of heal wounds (3)
 o - a wand of teleportation (1)
Scrolls
 m - a scroll of remove curse
 y - a scroll of teleportation
Potions
 f - 2 potions of poison {unknown}
 h - a potion of heal wounds
 i - a potion of invisibility
 j - a potion of flight
 l - 5 potions of curing
 n - a potion of agility
 q - 2 potions of degeneration {unknown}
 r - a potion of magic {unknown}
 t - a potion of cancellation {unknown}
 u - a potion of berserk rage {unknown}
Books
 w - a book of Transfigurations

   Spells                             Type                      Level
   a - Stoneskin                      Transmutation/Earth          2
   b - Irradiate                      Conjuration/Transmutation    5
   c - Statue Form                    Transmutation/Earth          6
   d - Hydra Form                     Transmutation                6
   e - Dragon Form                    Transmutation                7
Comestibles
 d - 4 bread rations
 s - 2 meat rations
 A - a fruit


   Skills:
 + Level 8.2 Fighting
 + Level 7.7 Long Blades
 - Level 3.0 Dodging
 - Level 3.0 Shields


You had 7 spell levels left.
You didn't know any spells.

Dungeon Overview and Level Annotations

Branches:
Dungeon (6/15)
 Temple: D:4-7

Altars:


Innate Abilities, Weirdness & Mutations

You cannot wear most types of armour.
You are amphibious.
You can wear up to eight rings at the same time.
You can use your tentacles to constrict eight enemies at once.
Your skin changes colour to match your surroundings (Stealth).
Your rubbery body absorbs attacks (AC +1).


Message History

You barely miss the ogre.
The ogre is moderately wounded.
The ogre closely misses you.
You closely miss the ogre. You squeeze the ogre!
The ogre is heavily wounded.
The ogre barely misses you.
You hit the ogre but do no damage.
The ogre is heavily wounded.
The ogre hits you with a giant club!!
Ouch! That really hurt!
* * * LOW HITPOINT WARNING * * *
Drink which item? (? for menu, Esc to quit)
You feel much better. You block the ogre's attack.
You hit the ogre.
The ogre is severely wounded.
The ogre hits you with a giant club!
You hit the ogre.
The ogre is almost dead.
The ogre hits you with a giant club!!
You die...

#........#.##### #...
##..#..........# ###... .
##....#.^......# #....# ...
#..##..........# ##.##.# .Z.
..####..§......###...#.# ... .##
#.........##....#.# ...
.######....)....#....#.#######...
.........[......[.)..#.#.†.......
.####...........@O.......##......
.# ##.#........###......##.......
.# #..#.##.#...##........#.......
.# #.##.##.....#..#.#.##.......(.
.# #.##.#....#..>##.#.####.......
.###.##.....#....##.#.# #.......
..#..#........#..##.#.# ##.....?
..............##....#.# ##.....
......####.#.#####....# ######


You could see an ogre.

Vanquished Creatures
  Sigmund (D:2)
  2 centaurs (D:5)
  An ice beast (D:5)
  An ogre (D:5)
  The ghost of Ordine the Skirmisher, an amateur OpFi (D:3)
  A giant frog (D:6)
  A water moccasin skeleton (D:5)
  2 crimson imps (D:5)
  A centaur zombie (D:6)
  3 orc priests
  2 giant frog skeletons
  Crazy Yiuf (D:3)
  Ijyb (D:2)
  An iguana (D:5)
  Jessica (D:2)
  2 orc wizards
  A centaur skeleton (D:4)
  4 worker ants
  Robin (D:2)
  4 gnolls (D:2)
  2 worker ant zombies (D:5)
  5 adders
  2 shadow imps
  2 oozes
  3 worms
  An adder skeleton (D:6)
  4 giant geckos
  10 orcs
  17 goblins
  10 hobgoblins
  2 quokkas
  2 ball pythons
  9 bats
  7 giant cockroaches
  3 giant newts
  5 kobolds
  6 rats
122 creatures vanquished.

Notes
Turn   | Place    | Note
--------------------------------------------------------------
     0 | D:1      | Ordine the Octopode Fighter began the quest for the Orb.
     0 | D:1      | Reached XP level 1. HP: 16/16 MP: 1/1
   226 | D:1      | Reached XP level 2. HP: 21/21 MP: 2/2
  1212 | D:2      | Reached XP level 3. HP: 24/26 MP: 3/3
  1225 | D:2      | Noticed Sigmund
  1231 | D:2      | Killed Sigmund
  1231 | D:2      | Reached skill level 4 in Fighting
  1231 | D:2      | Reached XP level 4. HP: 21/34 MP: 4/4
  1231 | D:2      | Reached XP level 5. HP: 23/38 MP: 5/5
  1264 | D:2      | Reached skill level 5 in Fighting
  1531 | D:2      | Noticed Robin
  1535 | D:2      | Reached XP level 6. HP: 42/45 MP: 6/6
  1540 | D:2      | Killed Robin
  1905 | D:2      | Noticed Ijyb
  1917 | D:2      | Killed Ijyb
  2077 | D:2      | Noticed Jessica
  2083 | D:2      | Killed Jessica
  2226 | D:3      | Noticed Ordine's ghost (amateur OpFi)
  2245 | D:3      | Killed Ordine's ghost
  2245 | D:3      | Reached skill level 5 in Long Blades
  2515 | D:3      | Reached XP level 7. HP: 31/51 MP: 7/7
  2926 | D:3      | Noticed Crazy Yiuf
  2929 | D:3      | Killed Crazy Yiuf
  2929 | D:3      | Reached skill level 6 in Fighting
  4194 | D:5      | Entered Level 5 of the Dungeon
  4547 | D:5      | Reached XP level 8. HP: 58/58 MP: 8/8
  4553 | D:5      | Reached skill level 7 in Fighting
  4944 | D:5      | HP: 2/60 [centaur (8)]
  5971 | D:6      | Reached skill level 8 in Fighting
  6145 | D:6      | Slain by an ogre

Vault maps used:
D:1:      dpeg_arrival_renting
D:2:      uniq_iyjb, uniq_jessica, uniq_robin, uniq_sigmund
D:3:      first_bread, uniq_crazy_yiuf_cottage
D:4:      corexii_corridor_pit
D:5:      minmay_misc_feat_encased, eino_tiny_chamber
D:6:      grunt_ministairs_3

Action                   |  1- 3 |  4- 6 |  7- 9 || total
-------------------------+-------+-------+-------++-------
Melee: Long sword        |    35 |    69 |   158 ||   262
       Dagger            |       |       |    37 ||    37
 Fire: Blowgun           |       |       |     5 ||     5
Throw: Stone             |     1 |     4 |     1 ||     6
       Tomahawk          |       |       |     7 ||     7
  Use: Scroll            |     3 |     2 |     9 ||    14
       Potion            |     1 |     1 |     1 ||     3
 Stab: Sleeping          |     4 |     2 |     8 ||    14
  Eat: Chunk             |     1 |     4 |     9 ||    14
       Pizza             |       |       |     1 ||     1
